 Dungeon Crawl Stone Soup version 0.24-a0-201-gf205589 (console) character file.

Game seed: 14570697936036971083

1057 Voker57 the Slasher (level 8, -3/62 HPs)
             Began as a Demonspawn Gladiator on Mar 22, 2019.
             Slain by Harold
             ... wielding a +0 war axe
              (14 damage)
             ... on level 6 of the Dungeon.
             The game lasted 00:06:03 (4106 turns).

Voker57 the Slasher (Demonspawn Gladiator)          Turns: 4106, Time: 00:06:03

Health: -3/62      AC:  6    Str: 15    XL:     8   Next: 6%
Magic:  8/8        EV:  8    Int: 14    God:
Gold:   148        SH:  0    Dex: 17    Spells: 7/7 levels left

rFire    + . .     SeeInvis .   a - +0 long sword
rCold    . . .     Gourm    .   (no shield)
rNeg     . . .     Faith    .   b - +0 leather armour
rPois    .         Spirit   .   (helmet restricted)
rElec    .         Reflect  .   (no cloak)
rCorr    .         Harm     .   (no gloves)
MR       .....                  (no boots)
Stlth    +.........             (no amulet)
HPRegen  0.20/turn              (no ring)
MPRegen  0.11/turn              (no ring)

@: brilliant, marked, held
A: horns 1, thin metallic scales 2, fire resistance 1, spiny 1
a: no special abilities


You were on level 6 of the Dungeon.
You were very hungry.

You visited 1 branch of the dungeon, and saw 5 of its levels.

You collected 148 gold pieces.

Inventory:

Hand Weapons
 a - a +0 long sword (weapon)
Armour
 b - a +0 leather armour (worn)
 c - a +0 helmet
Jewellery
 g - an uncursed ring of ice
Scrolls
 e - a scroll of amnesia {unknown}
 j - 3 scrolls of remove curse
 k - a scroll of identify
 l - a scroll of magic mapping {unknown}
 n - 3 scrolls of teleportation {unknown}
Potions
 m - a potion of resistance
 o - a potion of curing
Comestibles
 f - 5 rations


   Skills:
 + Level 5.0 Fighting
 * Level 6.7 Long Blades
 - Level 1.7 Throwing
 + Level 5.0 Dodging


You had 7 spell levels left.
You didn't know any spells.
Your spell library was empty.

Dungeon Overview and Level Annotations

Branches:
Dungeon (7/15)
 Temple: D:4-7

Altars:

Shops:
D:6 (

Annotations:
D:6 Harold
D:7 Dowan, Duvessa, Joseph


Innate Abilities, Weirdness & Mutations

You have a pair of small horns on your head.
You are mostly covered in thin metallic scales. (AC +3)
Your flesh is heat resistant. (rF+)
You are partially covered in sharp spines.


Message History

Harold gestures at you while chanting. A sentinel's mark forms upon you.
You barely miss Harold.
Harold is lightly wounded.
Harold closely misses you. Harold hits you with a +0 war axe!
* * * LOW HITPOINT WARNING * * *
Duvessa gestures with her weapon.
You climb upwards.
There is a stone staircase leading down here.
Things that are here:
a +0 dagger; a big kobold corpse Harold throws a throwing net.
The throwing net barely misses you.
Harold throws a throwing net.
The throwing net hits you.
You become entangled in the net!
Things that are here:
a throwing net x2
You struggle against the net.
You struggle against the net.
You struggle against the net.
Harold hits you with a +0 war axe!
You die...

#.#...####.........####...##.###
#........'.........'............
#.#...####.........####......###
#.....# ##.......## #..#####
#.#.#.# ##.....## #.## #.....#
##...## #.# ###.### ###'######
#.# #.# #....>...# #.# #.#
#.#.####.###.# #.#
#...@........# #.#
#...@###.#####
#.########.....##.#
#............>###.#
##########........# ###.######
#.# #.# #.# ### #.#


You could see Harold.

Vanquished Creatures
  A hippogriff (D:7)
  2 ogres
  A centaur (D:6)
  A big kobold (D:6)
  2 bullfrogs
  A water moccasin zombie (D:7)
  2 crimson imps
  A bullfrog zombie (D:7)
  A centaur zombie (D:7)
  A hound (D:6)
  A quasit (D:6)
  A jelly (D:7)
  A worker ant (D:7)
  A hound skeleton (D:6)
  5 adders
  2 oozes (D:2)
  3 worms (D:2)
  2 dart slugs
  3 leopard geckos
  5 orcs (D:6)
  2 giant cockroaches
  3 goblins (D:1)
  5 hobgoblins
  A quokka (D:3)
  5 bats
  5 frilled lizards
  6 kobolds
  7 rats
71 creatures vanquished.

Notes
Turn   | Place    | Note
-------+----------+-------------------------------------------
     0 | D:1      | Voker57 the Demonspawn Gladiator began the quest for the
                  | Orb.
     0 | D:1      | Reached XP level 1. HP: 16/16 MP: 1/1
   150 | D:1      | Reached skill level 3 in Long Blades
   151 | D:1      | Gained mutation: You have a pair of small horns on your
                  | head. [demonic ancestry]
   151 | D:1      | Reached XP level 2. HP: 18/22 MP: 2/2
   922 | D:2      | Gained mutation: Your flesh is heat resistant. (rF+)
                  | [demonic ancestry]
   922 | D:2      | Reached XP level 3. HP: 15/28 MP: 3/3
  1708 | D:2      | Reached XP level 4. HP: 27/34 MP: 4/4
  1724 | D:2      | HP: 1/34 [poisoned by an adder]
  2295 | D:3      | You fall through a shaft for 3 floors!
  2375 | D:6      | Reached skill level 4 in Long Blades
  2390 | D:6      | Noticed a centaur
  2401 | D:6      | Killed a centaur
  2401 | D:6      | Reached XP level 5. HP: 18/41 MP: 5/5
  2713 | D:6      | Noticed an ogre
  2721 | D:6      | Killed an ogre
  2721 | D:6      | Gained mutation: You are partially covered in thin metallic
                  | scales. (AC +2) [demonic ancestry]
  2721 | D:6      | Reached XP level 6. HP: 20/47 MP: 6/6
  2955 | D:6      | Found Vint's Weapon Shop.
  2975 | D:6      | Reached skill level 5 in Long Blades
  3607 | D:7      | Noticed a hippogriff
  3627 | D:7      | Killed a hippogriff
  3627 | D:7      | Gained mutation: You are partially covered in sharp spines.
                  | [demonic ancestry]
  3627 | D:7      | Reached XP level 7. HP: 22/55 MP: 7/7
  3670 | D:7      | Reached skill level 6 in Long Blades
  3692 | D:7      | Noticed Joseph
  3693 | D:7      | Noticed Dowan
  3704 | D:7      | Noticed Duvessa
  3707 | D:7      | oh fuck
  3943 | D:7      | Noticed Harold
  3970 | D:6      | Reached skill level 5 in Fighting
  3970 | D:6      | Reached skill level 5 in Dodging
  3970 | D:6      | Gained mutation: You are mostly covered in thin metallic
                  | scales. (AC +3) [demonic ancestry]
  3970 | D:6      | Reached XP level 8. HP: 37/62 MP: 8/8
  4106 | D:6      | Slain by Harold

Levels and vault maps discovered:
D:1:      lemuel_arrival_broad_hall, layout_basic, minmay_tromino_v4_c
D:2:      layout_basic, first_ration, chequers_jeans
D:3:      layout_rooms, grunt_temple_overflow_order_and_chaos_1,
          lemuel_round_altar, gammafunk_temple_overflow_pools
D:6:      layout_loops_corners, serial_shops, nicolae_shop_crystal
D:7:      layout_rooms, serial_shops, shop, uniq_joseph, uniq_duvessa,
          uniq_harold

Skill      XL: |  1  2  3  4  5  6  7 |
---------------+----------------------+-----
Long Blades    | 3 4 5 6 |  6.7
Dodging        | 3 4 5 |  5.0
Fighting       | 3 4 5 |  5.0
Throwing       | |  1.7

Action                   |  1- 3 |  4- 6 |  7- 9 || total
-------------------------+-------+-------+-------++-------
Melee: Long sword        |   101 |   106 |    26 ||   233
       Headbutt          |    12 |    28 |    12 ||    52
Throw: Throwing net      |       |     6 |       ||     6
  Use: Potion            |       |     3 |     5 ||     8
       Scroll            |       |       |     2 ||     2
 Stab: Sleeping          |     3 |       |       ||     3
       Held in net/web   |       |     3 |       ||     3
  Eat: Chunk             |     2 |     7 |       ||     9
Armor: Leather armour    |    28 |    34 |     9 ||    71
Dodge: Dodged            |    77 |    83 |    32 ||   192
       Rpst.: Long sword |    25 |    24 |    10 ||    59

Table legend:
 A = Non-vault XP
 B = Vault XP
 C = Vault XP percentage of total XP
 D = Non-vault monster count
 E = Vault monster count
 F = Vault count percentage of total count
                 A         B        C        D         E       F
            +---------+---------+-------+---------+---------+-------
      Total |    1508 |       3 |   0.2 |      69 |       2 |   2.8
            +---------+---------+-------+---------+---------+-------
        D:1 |      26 |       3 |  10.3 |      16 |       2 |  11.1
        D:2 |      90 |       0 |   0.0 |      22 |       0 |   0.0
        D:3 |       9 |       0 |   0.0 |       5 |       0 |   0.0
        D:6 |     617 |       0 |   0.0 |      15 |       0 |   0.0
        D:7 |     766 |       0 |   0.0 |      11 |       0 |   0.0
            +---------+---------+-------+---------+---------+-------
